 Dungeon Crawl Stone Soup version 0.29-a0-384-g6960b1960d (webtiles) character file.

Game seed: 14078275252922621828

34 pokeman the Magician (level 3, -7/20 HPs)
             Began as a Deep Elf Hedge Wizard on May 6, 2022.
             Mangled by Duvessa
             ... wielding a +0 rapier
              (8 damage)
             ... on level 4 of the Dungeon.
             The game lasted 00:03:19 (1624 turns).

pokeman the Magician (Deep Elf Hedge Wizard)        Turns: 1624, Time: 00:03:20

Health: -7/20      AC:  4    Str:  7    XL:     3   Next: 14%
Magic:  2/11       EV: 12    Int: 20    God:
Gold:   88         SH:  0    Dex: 14    Spells: 11/12 levels left

rFire   . . .      SeeInvis .   m - +1 dagger (venom)
rCold   . . .      Faith    .   (no shield)
rNeg    . . .      Spirit   .   b - +0 robe
rPois   .          Reflect  .   c - +0 hat
rElec   .          Harm     .   h - +0 cloak
rCorr   .          Rampage  .   (no gloves)
Will    .....                   a - +0 pair of boots
Stlth   ++........              (no amulet)
HPRegen 0.06/turn               (no ring)
MPRegen 0.12/turn               (no ring)

@: no status effects
A: no striking features
a: no special abilities


You were on level 4 of the Dungeon.
You visited 1 branch of the dungeon, and saw 3 of its levels.

You collected 88 gold pieces.

Inventory:

Hand Weapons
 m - a +1 dagger of venom (weapon)
Armour
 a - a +0 pair of boots (worn)
 b - a +0 robe (worn)
 c - a +0 hat (worn)
 h - a +0 cloak (worn)
Jewellery
 g - a ring of ice
Scrolls
 e - 2 scrolls of magic mapping {unknown}
 f - a scroll of noise {unknown}
 l - 2 scrolls of identify {unknown}
Potions
 d - a potion of magic
 i - a potion of attraction {unknown}
 j - a potion of brilliance {unknown}


   Skills:
 + Level 0.7 Fighting
 + Level 0.8 Armour
 - Level 2.4 Dodging
 - Level 2.4 Stealth
 * Level 5.1 Spellcasting
 + Level 1.7 Conjurations
 - Level 1.1 Summonings
 - Level 1.1 Translocations


You had 11 spell levels left.
You knew the following spells:

 Your Spells              Type           Power      Damage    Failure   Level
a - Magic Dart            Conj           48%        1d5       5%          1

Your spell library contained the following spells:

 Spells                   Type           Power      Damage    Failure   Level
 Blink                    Tloc           18%        N/A       11%         2
 Call Imp                 Summ           9%         N/A       11%         2
 Slow                     Hex            20%        N/A       12%         1
 Lesser Beckoning         Tloc           9%         N/A       22%         3
 Conjure Flame            Conj/Fire      8%         6-21      24%         3
 Mephitic Cloud           Conj/Pois/Air  7%         N/A       26%         3
 Manifold Assault         Tloc           9%         N/A       90%         5


Dungeon Overview and Level Annotations

Branches:
Dungeon (2/15)

Altars:

Annotations:
D:4 Dowan, Duvessa


Message History

The magic dart hits the adder.
You kill the adder!
You have reached level 3!
Your experience leads to an increase in your attributes!
Increase (S)trength, (I)ntelligence, or (D)exterity?
You feel clever. x2
Casting: Magic Dart (safe; 5% risk of failure)
Confirm with . or Enter, or press ? or * to list all spells.
Aiming: Magic Dart (safe; 5% risk of failure)
Press: ? - help, Shift-Dir - straight line, f - ball python
Aim: a ball python (100% to hit)
The magic dart hits the ball python.
The ball python is moderately wounded.
The ball python closely misses you. The ball python misses you.
Dowan gestures at Duvessa while chanting.
Duvessa seems to speed up.
Casting: Magic Dart (safe; 5% risk of failure)
Confirm with . or Enter, or press ? or * to list all spells.
Aiming: Magic Dart (safe; 5% risk of failure)
Press: ? - help, Shift-Dir - straight line, f/p - ball python
Aim: a ball python (moderately wounded, 100% to hit)
The magic dart hits the ball python.
The ball python is severely wounded.
The ball python closely misses you. The ball python completely misses you.
Unknown command.
Casting: Magic Dart (safe; 5% risk of failure)
Confirm with . or Enter, or press ? or * to list all spells.
Aiming: Magic Dart (safe; 5% risk of failure)
Press: ? - help, Shift-Dir - straight line, f/p - ball python
Aim: a ball python (severely wounded, 100% to hit)
The magic dart hits the ball python.
You kill the ball python!
Unknown command.
Found a stone staircase leading up.
Duvessa hits you with a +0 rapier! Duvessa hits you with a +0 rapier!
Ouch! That really hurt!
* * * LOW HITPOINT WARNING * * *
You completely miss Duvessa. Duvessa hits you with a +0 rapier!
You die...

###...........n....
...........n.......
...................
........#†..#......
...........## ....n
........#...####...
........#....)# .#
.......e...##..# .
.......@#..# ?...
........#........
.......=.#.##.##.
.#.......### #
......<...
#..........
###........
###.......


You could see Duvessa (fast) and a necrophage.

Vanquished Creatures
  An adder (D:4)
  A dart slug (D:1)
  4 ball pythons
  2 endoplasms
  A giant cockroach (D:2)
  2 hobgoblins (D:1)
  A kobold (D:2)
  A quokka (D:1)
  4 bats
  A frilled lizard (D:2)
  3 goblins
  A rat (D:1)
22 creatures vanquished.

Notes
Turn   | Place    | Note
-------+----------+-------------------------------------------
     0 | D:1      | pokeman the Deep Elf Hedge Wizard began the quest for the
                  | Orb.
     0 | D:1      | Reached XP level 1. HP: 10/10 MP: 7/7
   453 | D:1      | Reached XP level 2. HP: 16/16 MP: 2/9
   843 | D:1      | Found a faded altar of an unknown god.
  1531 | D:2      | Reached skill level 5 in Spellcasting
  1606 | D:2      | You fall into a shaft and drop 2 floors!
  1606 | D:4      | Noticed Duvessa
  1606 | D:4      | Noticed Dowan
  1606 | D:4      | Noticed a necrophage
  1617 | D:4      | Reached XP level 3. HP: 20/20 MP: 4/11
  1623 | D:4      | HP: 1/20 [Duvessa/+0 rapier (11)]
  1624 | D:4      | Mangled by Duvessa

Illustrated notes

Levels and vault maps discovered:
D:1:      enne_arrival_octagon_isle, layout_loops_corners,
          shapermc_ecumenical_altar_mp_ritualfount
D:2:      cheibrodos_greedy_goblins, layout_rooms, minivault_27
D:4:      layout_cave_pools, serial_column_ruins, column_ruins_grid_2,
          column_ruins_open_large, column_ruins_corridor_straight,
          column_ruins_open_small_water, column_ruins_open_tiny_water,
          column_ruins_open_tiny_water, uniq_duvessa, uniq_pikel

Skill      XL: |  1  2 |
---------------+-------+-----
Spellcasting   | 5 |  5.1
Fighting       | |  0.7
Armour         | |  0.8
Dodging        | |  2.4
Stealth        | |  2.4
Conjurations   | |  1.7
Summonings     | |  1.1
Translocations | |  1.1

Action                   || total
-------------------------++-------
Melee: Dagger            ||     2
 Cast: Magic Dart        ||    62
Armor: Robe              ||     5
Dodge: Dodged            ||    14

Table legend: (Time is in decaauts)
 A = Elapsed time spent in this place.
 B = Non-inter-level travel time spent in this place.
 C = Inter-level travel time spent in this place.
 D = Time resting spent in this place.
 E = Time spent auto-exploring this place.
 F = Levels seen in this place.
 G = Mean time per level.
                   A        B        C        D        E       F      G
               +--------+--------+--------+--------+--------+-----+--------+
         Total |   1623 |   1502 |    121 |      0 |   1256 |   3 |  541.0 |
       Dungeon |   1623 |   1502 |    121 |      0 |   1256 |   3 |  541.0 |
               +--------+--------+--------+--------+--------+-----+--------+

Top non-repeatable levels by time:
     D:1: 1297 daAuts
     D:2: 308 daAuts
     D:4: 17 daAuts
